 Dungeon Crawl Stone Soup version 0.24.0-10-g970556be89 (webtiles) character file.

Game seed: 888967392951719064, levelgen mode: deterministic

137393 DavidChitty2 the Executioner (level 16, -1/152 HPs)
             Began as a Minotaur Berserker on Nov 3, 2019.
             Was a High Priest of Trog.
             Shot with a bolt by Vashnia (4 damage)
             ... on level 3 of the Snake Pit.
             The game lasted 00:40:43 (29620 turns).

DavidChitty2 the Executioner (Minotaur Berserker)  Turns: 29620, Time: 00:40:43

Health: -1/152     AC: 29    Str: 27    XL:     16   Next: 68%
Magic:  0/22       EV: 14    Int:  4    God:    Trog [*****.]
Gold:   2351       SH:  0    Dex: 16    Spells: 15/15 levels left

rFire    + . .     SeeInvis .   a - +8 executioner's axe (chop)
rCold    + . .     Gourm    .   (shield currently unavailable)
rNeg     + . .     Faith    .   O - +4 storm dragon scales {Bai Suzhen}
rPois    +         Spirit   +   (helmet restricted)
rElec    +         Reflect  .   c - +0 cloak
rCorr    .         Harm     .   R - +2 pair of gloves of Dithmenos's Hatred {*Slow rPois rC+ rN+}
MR       ++++.                  C - +1 pair of boots of the Pure Friends {+Inv Dex+4}
Stlth    ..........             D - amulet of guardian spirit
HPRegen  1.35/turn              Z - ring of Orthodoxy {rElec MR+}
MPRegen  0.18/turn              m - ring of protection from fire

@: lethally poisoned (-1 -> -1), regenerating
A: retaliatory headbutt, horns 2
a: Berserk, Trog's Hand, Brothers in Arms, Renounce Religion, Evoke Invisibility


You were on level 3 of the Snake Pit.
You worshipped Trog.
Trog was extremely pleased with you.
You were very hungry.

You visited 5 branches of the dungeon, and saw 27 of its levels.

You collected 3288 gold pieces.
You spent 937 gold pieces at shops.

Inventory:

Hand Weapons
 a - a +8 executioner's axe of chopping (weapon)
   (Trog gifted it to you on level 5 of the Lair of Beasts)
 b - a +0 hand axe of flaming
   (You took it off a wight on level 11 of the Dungeon)
Missiles
 g - 117 poisoned darts (quivered)
 q - a throwing net {!f}
Armour
 c - a +0 cloak (worn)
   (You found it on level 5 of the Dungeon)
 C - the +1 pair of boots of the Pure Friends (worn) {+Inv Dex+4}
   (You acquired it on level 7 of the Dungeon)

   It affects your dexterity (+4).
   It lets you turn invisible.
 O - +4 storm dragon scales (worn) {Bai Suzhen}
   (You found it on level 3 of the Snake Pit)
 R - the +2 pair of gloves of Dithmenos's Hatred (worn) {*Slow rPois rC+ rN+}
   (You acquired it on level 2 of the Snake Pit)

   It protects you from cold.
   It protects you from poison.
   It protects you from negative energy.
   It may slow you when you take damage.
Jewellery
 m - a ring of protection from fire (right hand)
   (You found it on level 5 of the Dungeon)
 o - an uncursed ring of protection from cold
   (You found it on level 13 of the Dungeon)
 D - an amulet of guardian spirit (around neck)
   (You found it on level 3 of the Lair of Beasts)
 J - an uncursed ring of poison resistance
   (You found it on level 11 of the Dungeon)
 X - an uncursed ring of positive energy
   (You found it on level 14 of the Dungeon)
 Z - the ring of Orthodoxy (left hand) {rElec MR+}
   (You bought it in a shop on level 2 of the Orcish Mines)

   [ring of protection from magic]

   It insulates you from electricity.
   It affects your resistance to hostile enchantments.
Wands
 d - a wand of iceblast (10)
   (You found it on level 15 of the Dungeon)
 i - a wand of polymorph (10)
   (You found it on level 15 of the Dungeon)
 p - a wand of enslavement (9)
   (You took it off Ijyb on level 4 of the Dungeon)
 t - a wand of flame (51)
   (You took it off Grum on level 10 of the Dungeon)
 u - a wand of paralysis (14)
   (You found it on level 11 of the Dungeon)
 v - a wand of digging (3)
   (You took it off Robin on level 4 of the Dungeon)
 x - a wand of acid (38)
   (You found it on level 10 of the Dungeon)
 y - a wand of scattershot (7)
   (You found it on level 14 of the Dungeon)
 z - a wand of clouds (5)
   (You found it on level 9 of the Dungeon)
Scrolls
 f - 8 scrolls of teleportation {@r4}
 j - 15 scrolls of identify {@r1}
 k - 4 scrolls of fear
 l - a scroll of summoning {unknown}
 s - 2 scrolls of blinking
 w - 3 scrolls of fog
 B - 3 scrolls of magic mapping
 I - 6 scrolls of immolation {!r}
 T - a scroll of enchant armour
 Y - 9 scrolls of remove curse {@r2}
Potions
 h - 3 potions of haste {@q3}
 n - 4 potions of agility
 r - 5 potions of might
 A - 2 potions of lignification {!q}
 E - a potion of berserk rage
 F - 6 potions of mutation {!q}
 G - 4 potions of curing {@q1}
 H - a potion of resistance
 L - 7 potions of ambrosia
 M - 2 potions of flight
 N - 2 potions of cancellation
 P - 3 potions of brilliance
 Q - a potion of magic
 U - 4 potions of heal wounds {@q2}
Comestibles
 e - 47 rations {!d}


   Skills:
 + Level 16.7 Fighting
 + Level 21.3 Axes
 + Level 16.6 Armour
 - Level 8.0 Dodging
 * Level 9.6 Evocations


You had 15 spell levels left.
You didn't know any spells.
Your spell library was empty.

Dungeon Overview and Level Annotations

Branches:
Dungeon (15/15)            Temple (1/1) D:7            Lair (6/6) D:11
  Swamp (0/4) Lair:2        Snake (3/4) Lair:4        Slime (0/5) Lair:6
    Orc (2/2) D:10            Elf (0/3) Orc:2        Vaults (0/5) D:13
 Depths (0/5) D:15

Altars:
Ashenzari
Cheibriados
Dithmenos
Elyvilon
Fedhas
Gozag
Hepliaklqana
Kikubaaqudgha
Makhleb
Nemelex Xobeh
Okawaru
Qazlal
Ru
Sif Muna
Trog
Uskayaw
Vehumet
Wu Jian
Xom
Yredelemnul
Zin
The Shining One
Beogh
Jiyva

Shops:
D:10 [(   Orc:2 =[%*   Snake:1 *!*

Portals:
Trove: D:13 (give horn of Geryon)

Annotations:
Snake:3 Vashnia


Innate Abilities, Weirdness & Mutations

You reflexively headbutt those who attack you in melee.
You have a pair of horns on your head.


Message History

Items here: (( )) † a bolt; a +0 longbow; a +0 short sword; 22 arrows; a naga corpse The naga sharpshooter spits poison at you.
The splash of poison hits you but does no damage.
You are poisoned.
You resist.
You hit the naga sharpshooter.
You feel sick.
Your deep troll closely misses the naga sharpshooter.
Your deep troll claws the naga sharpshooter but does no damage. x2
The naga sharpshooter shoots a bolt.
The bolt hits you but does no damage.
You slash the naga sharpshooter!
Your deep troll bites the naga sharpshooter!!
Your deep troll claws the naga sharpshooter!!
The naga sharpshooter dies!
Trog accepts your kill.
Trog appreciates your killing of a magic user.
You feel sick.
Items here: ( )) † a +0 arbalest; a +0 short sword; 9 bolts; a naga corpse You start resting.
You feel sick.
You feel the effects of Trog's Hand fading.
Vashnia is too close now for your liking.
Vashnia is nearby!
Found a ring of intelligence.
Vashnia spits poison at you.
The splash of poison hits you but does no damage.
You resist.
Your deep troll bites Vashnia!
Your deep troll completely misses Vashnia. x2
Your storm dragon scales prevents you from hitting Vashnia.
Your headbutt misses Vashnia.
You feel sick.
Your deep troll bites Vashnia!!
Your deep troll misses Vashnia.
Your deep troll claws Vashnia!
Vashnia spits poison at you.
The splash of poison hits you but does no damage.
You are more poisoned.
You resist.
You closely miss Vashnia.
You feel sick.
Your deep troll bites Vashnia!!
Your deep troll claws Vashnia!!
Your deep troll completely misses Vashnia.
Vashnia says, "We do not look kindly on intruders!"
Vashnia casts a spell.
Vashnia magically shoots a bolt.
The bolt hits you!
* * * LOW HITPOINT WARNING * * *
* * * LOW HITPOINT WARNING * * *
Your deep troll closely misses Vashnia.
Your deep troll misses Vashnia.
Your deep troll claws Vashnia but does no damage.
You miss Vashnia. Your headbutt misses Vashnia.
You feel sick.
Vashnia shoots a bolt.
The bolt hits you!!
* * * LOW HITPOINT WARNING * * *
You die...

################.###
#######.# #.......#
#.####### #((((((.#
#.....)#####)#
#.####.... #.#
#$....#T# ..#.=.N@#
###.##### .#


You could see Vashnia and a friendly deep troll (berserk).

Vanquished Creatures
  Bai Suzhen (Snake:3)
  Jorgrun (Orc:1)
  Asterion (Snake:3)
  Roxanne (D:14)
  A nagaraja (Snake:2)
  Louise (Snake:1)
  Nessos (Orc:2)
  Azrael (D:14)
  A dire elephant (D:15)
  Josephine (D:13)
  A fire dragon (Lair:6)
  2 naga warriors
  Erolcha (D:9)
  16 hydras
  4 anacondas
  A catoblepas (Lair:6)
  A centaur warrior (D:15)
  5 two-headed ogres
  5 death yaks (Lair:6)
  A queen ant (D:10)
  3 orc high priests (Orc:2)
  2 shock serpents (Snake:1)
  7 naga sharpshooters
  An unseen horror (D:12)
  5 naga ritualists
  A swamp dragon (Lair:6)
  A lindwurm (Lair:4)
  10 mana vipers
  A necromancer (D:13)
  An ugly thing (D:13)
  4 orc sorcerers (Orc:2)
  5 orc knights
  A wolf spider (D:15)
  A deep elf mage (D:15)
  A manticore (D:15)
  6 salamanders
  A cyclops (D:15)
  10 elephants
  3 centaur zombies
  An oklob plant (Lair:4)
  Maurice (D:10)
  30 black mambas
  A guardian serpent (Snake:1)
  12 naga magi
  3 gargoyles
  A torpor snail (Lair:6)
  9 spiny frogs
  6 komodo dragons
  2 ice devils (Lair:4)
  5 rime drakes (Lair:6)
  A queen bee (D:8)
  6 trolls
  12 polar bears
  Grinder (D:4)
  A hornet (D:8)
  8 hippogriffs
  4 raiju (Lair:6)
  17 blink frogs
  6 dream sheep (Lair:5)
  56 yaks
  4 wraiths
  2 wyverns
  2 shadows
  A steam dragon (Lair:6)
  A hungry ghost (D:9)
  Grum (D:10)
  9 basilisks
  Menkaure (D:4)
  20 nagas
  6 swamp worms (Lair:1)
  2 acid dragons
  Duvessa (D:4)
  4 wargs (Lair:6)
  8 soldier ants (D:10)
  24 orc warriors
  12 water moccasins
  10 porcupines
  13 hell hounds (Lair:6)
  3 ice beasts
  A swamp drake (Lair:6)
  13 black bears
  2 sky beasts
  A hornet zombie (D:9)
  An eye of draining (D:13)
  13 ogres
  17 wolves
  A centaur (D:3)
  3 phantoms
  A necrophage (D:8)
  14 crocodiles
  2 big kobolds
  20 bullfrogs
  Dowan (D:4)
  A wyvern skeleton (D:6)
  6 scorpions
  30 killer bees
  5 wights (D:11)
  8 howler monkeys
  2 crimson imps
  2 quasits
  2 bullfrog zombies
  25 orc priests
  5 centaur skeletons
  10 hounds
  2 bullfrog skeletons
  7 jellies
  Ijyb (D:4)
  Jessica (D:14)
  A gnoll shaman (D:7)
  2 hell rats (Lair:2)
  5 iguanas
  15 orc wizards
  30 worker ants
  2 killer bee zombies
  A hound zombie (D:8)
  4 worker ant zombies
  Robin (D:4)
  5 gnolls (D:7)
  11 river rats
  15 adders
  2 shadow imps
  An adder zombie (D:8)
  An adder skeleton (D:5)
  4 worms
  2 dart slugs (D:1)
  6 leopard geckos
  86 orcs
  5 giant cockroaches
  9 hobgoblins
  12 jackals
  13 kobolds
  5 quokkas
  2 ball pythons
  8 bats
  3 frilled lizards
  20 goblins
  A leopard gecko skeleton (D:4)
  A quokka zombie (D:9)
  6 rats
  4 fungi
  9 plants
907 creatures vanquished.

Vanquished Creatures (collateral kills)
  An anaconda (Snake:3)
  3 naga sharpshooters (Snake:3)
  2 shock serpents (Snake:3)
  Sonja (Orc:2)
  2 salamanders (Snake:3)
  2 black mambas (Snake:3)
  A fire elemental (D:14)
  2 swamp worms (Lair:1)
  4 hell hounds (D:14)
  An orc warrior (Orc:2)
  An ogre (Orc:2)
  An orc priest (Orc:2)
21 creatures vanquished.

Vanquished Creatures (others)
  7 fungi
  23 plants
30 creatures vanquished.

Grand Total: 958 creatures vanquished

Notes
Turn   | Place    | Note
-------+----------+-------------------------------------------
     0 | D:1      | DavidChitty2 the Minotaur Berserker began the quest for the
                  | Orb.
     0 | D:1      | Reached XP level 1. HP: 19/19 MP: 0/0
    13 | D:1      | Reached XP level 2. HP: 24/27 MP: 1/1
    16 | D:1      | Reached skill level 4 in Axes
   359 | D:1      | Reached ** piety under Trog
   420 | D:1      | Reached XP level 3. HP: 33/33 MP: 2/2
   973 | D:2      | Found a shattered altar of Ashenzari.
  1230 | D:2      | Found a hazy altar of Hepliaklqana.
  1391 | D:3      | Reached XP level 4. HP: 29/40 MP: 3/3
  1527 | D:3      | Noticed an ogre
  1527 | D:3      | Noticed a centaur
  1531 | D:3      | Killed an ogre
  1531 | D:3      | Reached skill level 5 in Axes
  1531 | D:3      | Reached XP level 5. HP: 47/47 MP: 4/4
  1535 | D:3      | Killed a centaur
  1641 | D:3      | Found a radiant altar of Vehumet.
  1703 | D:3      | Noticed an ogre
  1710 | D:3      | Killed an ogre
  1710 | D:3      | Reached skill level 6 in Axes
  1710 | D:3      | Reached XP level 6. HP: 52/55 MP: 5/5
  1811 | D:3      | Reached skill level 5 in Fighting
  1930 | D:3      | Found an ancient bone altar of Kikubaaqudgha.
  1930 | D:3      | Found a glowing silver altar of Zin.
  2099 | D:3      | Found a blossoming altar of Fedhas.
  2157 | D:3      | Reached *** piety under Trog
  2333 | D:4      | Noticed Grinder
  2336 | D:4      | Killed Grinder
  2336 | D:4      | Reached XP level 7. HP: 61/61 MP: 6/6
  2502 | D:4      | Reached skill level 7 in Axes
  2503 | D:4      | Reached skill level 5 in Armour
  2550 | D:4      | Noticed Menkaure
  2564 | D:4      | Killed Menkaure
  2774 | D:4      | Noticed Duvessa
  2775 | D:4      | Noticed Dowan
  2792 | D:4      | Killed Duvessa
  2794 | D:4      | Killed Dowan
  2794 | D:4      | Reached skill level 5 in Dodging
  2794 | D:4      | Reached XP level 8. HP: 70/70 MP: 7/7
  2850 | D:4      | Reached skill level 8 in Axes
  2867 | D:4      | Noticed Robin
  2888 | D:4      | Killed Robin
  3030 | D:4      | Noticed Ijyb
  3038 | D:4      | Killed Ijyb
  3509 | D:4      | Found a glowing golden altar of the Shining One.
  3588 | D:5      | Entered Level 5 of the Dungeon
  3715 | D:5      | Reached **** piety under Trog
  4080 | D:5      | Reached skill level 9 in Axes
  4775 | D:6      | Found a shadowy altar of Dithmenos.
  5061 | D:7      | Reached XP level 9. HP: 79/79 MP: 8/8
  5275 | D:7      | Reached skill level 10 in Axes
  5574 | D:7      | Identified a scroll of acquirement
  5575 | D:7      | Got a pair of encrusted boots
  5586 | D:7      | Identified the +1 pair of boots of the Pure Friends {+Inv
                  | Dex+4} (You acquired it on level 7 of the Dungeon)
  5810 | D:7      | Found a burning altar of Makhleb.
  5858 | D:7      | Found a staircase to the Ecumenical Temple.
  6065 | Temple   | Entered the Ecumenical Temple
  6431 | D:8      | Reached skill level 11 in Axes
  6596 | D:8      | Noticed a queen bee
  6618 | D:8      | Reached XP level 10. HP: 90/90 MP: 9/9
  6939 | D:8      | Reached ***** piety under Trog
  7646 | D:9      | Reached skill level 12 in Axes
  7831 | D:9      | Noticed Erolcha
  7855 | D:9      | Killed Erolcha
  8585 | D:9      | Reached skill level 13 in Axes
  8719 | D:10     | Entered Level 10 of the Dungeon
  8748 | D:10     | Found a staircase to the Orcish Mines.
  8749 | D:10     | Found Teleogud's Armour Emporium.
  8750 | D:10     | Found Toheosio's Weapon Emporium.
  8859 | D:10     | Noticed Grum
  8879 | D:10     | Killed Grum
  8890 | D:10     | Reached skill level 10 in Fighting
  8890 | D:10     | Reached XP level 11. HP: 95/99 MP: 10/10
  9000 | D:10     | Noticed a queen ant
  9012 | D:10     | Noticed Maurice
  9018 | D:10     | Killed a queen ant
  9018 | D:10     | Reached skill level 10 in Armour
  9040 | D:10     | Killed Maurice
  9533 | D:10     | Reached skill level 14 in Axes
  9545 | D:10     | Reached skill level 1 in Evocations
  9771 | D:11     | Received a gift from Trog
 10117 | D:11     | Found a staircase to the Lair.
 10853 | Lair:1   | Entered Level 1 of the Lair of Beasts
 10883 | Lair:1   | Reached XP level 12. HP: 103/110 MP: 13/13
 11063 | Lair:1   | Noticed a four-headed hydra
 11083 | Lair:1   | Killed a two-headed hydra
 11083 | Lair:1   | Reached skill level 15 in Axes
 11339 | Lair:1   | Noticed a seven-headed hydra
 11348 | Lair:1   | Killed a one-headed hydra
 11348 | Lair:1   | Reached skill level 5 in Evocations
 11471 | Lair:1   | Noticed an eight-headed hydra
 11480 | Lair:1   | Killed a three-headed hydra
 12781 | Lair:2   | Received a gift from Trog
 12782 | Lair:2   | Reached skill level 16 in Axes
 12836 | Lair:2   | Noticed a seven-headed hydra
 12848 | Lair:2   | Killed a two-headed hydra
 13160 | Lair:2   | Found a staircase to the Swamp.
 13695 | Lair:3   | You fall into a shaft and drop 1 floor!
 13703 | Lair:4   | Found a staircase to the Snake Pit.
 13713 | Lair:4   | Reached XP level 13. HP: 95/119 MP: 15/15
 14708 | Lair:4   | Reached skill level 17 in Axes
 16652 | Lair:5   | Reached skill level 18 in Axes
 16807 | Lair:5   | Received a gift from Trog
 17232 | Lair:6   | Entered Level 6 of the Lair of Beasts
 17272 | Lair:6   | Reached XP level 14. HP: 53/130 MP: 1/16
 18052 | Lair:6   | Found a viscous altar of Jiyva.
 18053 | Lair:6   | Found a staircase to the Slime Pits.
 18121 | Lair:6   | Received a gift from Trog
 18172 | Lair:6   | Reached skill level 19 in Axes
 19922 | D:12     | Got a blackened rapier
 20055 | D:12     | Identified the +5 rapier of Fair {pierce, rN+ Str+3 Int-4}
                  | (You found it on level 12 of the Dungeon)
 20086 | D:12     | Received a gift from Trog
 20619 | D:13     | Reached skill level 15 in Fighting
 20851 | D:13     | Noticed Josephine
 20860 | D:13     | Reached skill level 20 in Axes
 20860 | D:13     | Reached XP level 15. HP: 129/141 MP: 15/17
 20866 | D:13     | Killed Josephine
 20900 | D:13     | Found a gate to the Vaults.
 20903 | D:13     | Reached skill level 15 in Armour
 21314 | D:13     | Found a portal to a secret trove of treasure.
 21400 | D:14     | Found an ornate altar of the Wu Jian Council.
 22050 | D:14     | Identified Roxanne's Reference Book on Shape Shifting
 22050 | D:14     | Noticed Roxanne
 22065 | D:14     | Killed Roxanne
 22337 | D:14     | Found a snail-covered altar of Cheibriados.
 22437 | D:14     | Noticed Azrael
 22444 | D:14     | Killed Azrael
 22600 | D:14     | Noticed Jessica
 22609 | D:14     | Found a shimmering blue altar of Sif Muna.
 22616 | D:14     | Killed Jessica
 22750 | D:15     | Entered Level 15 of the Dungeon
 22752 | D:15     | Received a gift from Trog
 23338 | D:15     | Found a staircase to the Depths.
 23502 | Orc:1    | Entered Level 1 of the Orcish Mines
 23603 | Orc:1    | You fall into a shaft and drop 1 floor!
 23603 | Orc:2    | Entered Level 2 of the Orcish Mines
 23757 | Orc:1    | Noticed Jorgrun
 23767 | Orc:1    | Killed Jorgrun
 24201 | Orc:2    | Noticed Sonja
 24208 | Orc:2    | Killed Sonja
 24378 | Orc:2    | Noticed Nessos
 24396 | Orc:2    | Killed Nessos
 24828 | Orc:2    | Found a staircase to the Elven Halls.
 24853 | Orc:2    | Found a roughly hewn altar of Beogh.
 25185 | Orc:2    | Received a gift from Trog
 25496 | Orc:2    | Found Egariufu's Food Shop.
 25496 | Orc:2    | Found Punwimatu's Assorted Antiques.
 25498 | Orc:2    | Found Nyifihe's Jewellery Shop.
 25498 | Orc:2    | Found Ygimmitu's Antique Armour Shoppe.
 25625 | Orc:2    | Bought the ring of Orthodoxy {rElec MR+} for 702 gold
                  | pieces
 25855 | Snake:1  | Entered Level 1 of the Snake Pit
 26188 | Snake:1  | Found Foysiuto's Distillery.
 26197 | Snake:1  | Found Oniefot's Assorted Antiques.
 26201 | Snake:1  | Bought a potion of heal wounds for 50 gold pieces
 26524 | Snake:1  | Noticed Louise
 26556 | Snake:1  | Killed Louise
 26824 | Snake:1  | Reached XP level 16. HP: 151/151 MP: 20/20
 26918 | Snake:1  | Found Seipeb's Assorted Antiques.
 26921 | Snake:1  | Bought a scroll labeled PAUPRIEDUI for 30 gold pieces
 26992 | Snake:1  | Bought a scroll labeled TEUHILAUTT for 31 gold pieces
 26992 | Snake:1  | Bought a wand of iceblast (4) for 124 gold pieces
 27661 | Snake:2  | Reached skill level 21 in Axes
 28078 | Snake:2  | Got a pair of heavily runed gloves
 28089 | Snake:2  | Identified the +2 pair of gloves of Dithmenos's Hatred
                  | {*Slow rPois rC+ rN+} (You acquired it on level 2 of the
                  | Snake Pit)
 28537 | Snake:2  | Received a gift from Trog
 28771 | Snake:3  | Noticed Asterion
 28785 | Snake:3  | Killed Asterion
 29274 | Snake:3  | Found a burning altar of Makhleb.
 29276 | Snake:3  | Noticed Bai Suzhen
 29289 | Snake:3  | Killed Bai Suzhen
 29584 | Snake:3  | Noticed Vashnia
 29620 | Snake:3  | HP: 3/152 [Vashnia/bolt (17)]
 29620 | Snake:3  | Shot with a bolt by Vashnia

Levels and vault maps discovered:
D:1:      wander_arrival_peaceful_grave, layout_rooms, glass_columns_a,
          minivault_11, corexii_corridor_pit
D:2:      layout_loops_ring, lemuel_round_altar, ashenzari_altar_1
D:3:      layout_rooms, fedhas_altar_4, fiery_altar_vehumet,
          gammafunk_temple_overflow_wave, first_ration, minmay_crystal_water,
          minmay_fountain_box
D:4:      kennysheep_the_goblin_king, layout_loops_ring,
          nicolae_tso_swordbearing_angel, uniq_robin, uniq_duvessa,
          uniq_menkaure, uniq_grinder
D:5:      layout_loops_cross
D:6:      layout_rooms, grunt_dithmenos_smoke_and_mirrors, grunt_ministairs_11
D:7:      layout_loops_ring, marbit_many_paths, minmay_temple_entry_glassed_door
D:8:      layout_basic, serial_curves, eino_curves_02, eino_curves_02,
          david_nohive_1
D:9:      minmay_goldmine, layout_irregular_city, uniq_erolcha, uniq_psyche
D:10:     layout_basic, orc_david_3, grunt_decor_one_mirror, st_stairs_14,
          zaba_antful_of_joy, uniq_grum, uniq_maurice
D:11:     layout_roguey [special_room_orc], minmay_lair_entry_grove
D:12:     layout_cave_pools
D:13:     layout_basic, david_vaults_1, enter_trove_6, uniq_josephine
D:14:     layout_roguey, basic_altar, cheibriados_altar_1, tgw_sif, uniq_azrael,
          uniq_roxanne
D:15:     hangedman_depths_entry_try_elsewhere_first, layout_loops_ring,
          minmay_misc_feat_ornament
Temple:   nicolae_temple_figure_eight
Lair:1:   layout_gridlike, worms_lemuel, infiniplex_staircase_pool_2
Lair:2:   layout_gridlike, swamp_mist, kennysheep_rathole
Lair:3:   layout_regular_city, infiniplex_staircase_pool
Lair:4:   layout_gridlike, guppyfry_snake_entry_island,
          portal_ice_cave_demonic_guard, serial_bayou_shore_b
Lair:5:   layout_loops_ring, columned_hall_lemuel, pond, grunt_megastairs_4
Lair:6:   guppyfry_lair_end_dragon, layout_hall_layers,
          hangedman_lair_caniforms_friends, slime_altar_1,
          minmay_stone_trees_medium, kennysheep_basilisk_garden
Snake:1:  layout_misc_corridors, serial_shops, nicolae_shop_behind_doors, shop,
          shop, grunt_ministairs_12, st_stairs_7, nicolae_snake_shapes,
          uniq_louise
Snake:2:  layout_chambers
Snake:3:  layout_basic, basic_altar, grunt_megastairs_5, uniq_bai_suzhen,
          uniq_vashnia, uniq_asterion
Orc:1:    layout_diamond_mine, uniq_jorgrun
Orc:2:    grunt_orc_tribal_feast, layout_caves, mines1_david, uniq_nessos,
          uniq_sonja

Skill      XL: |  1  2  3  4  5  6  7  8  9 10 11 12 13 14 15 16 |
---------------+-------------------------------------------------+-----
Axes           | 4 5 6 7 9 11 13 14 16 18 20 21 | 21.3
Fighting       | 4 5 6 7 8 10 11 12 13 15 16 | 16.7
Armour         | 3 4 5 6 8 9 10 12 13 14 15 16 | 16.6
Dodging        | 3 4 5 6 7 8 |  8.0
Evocations     | 3 5 7 9 |  9.6

Action                   |  1- 3 |  4- 6 |  7- 9 | 10-12 | 13-15 | 16-18 || total
-------------------------+-------+-------+-------+-------+-------+-------++-------
Melee: Hand axe          |    83 |    71 |   276 |   786 |    86 |       ||  1302
       Headbutt          |     9 |    11 |    69 |   225 |   251 |    55 ||   620
       Battleaxe         |       |       |       |    43 |   675 |    80 ||   798
       Executioner's axe |       |       |       |       |   141 |    89 ||   230
Invok: Berserk           |     2 |     3 |     7 |     2 |       |     1 ||    15
       Trog's Hand       |       |       |     7 |     8 |    19 |     4 ||    38
       Brothers in Arms  |       |       |       |     1 |     6 |     4 ||    11
Evoke: Wand              |       |       |       |       |    10 |       ||    10
  Use: Scroll            |       |    14 |     8 |     4 |     9 |     7 ||    42
       Potion            |       |       |       |     2 |     3 |     2 ||     7
 Stab: Paralysed         |       |       |       |       |     1 |       ||     1
       Petrifying        |       |       |       |       |     1 |       ||     1
       Distracted        |       |       |       |       |       |     1 ||     1
  Eat: Chunk             |     2 |     6 |    15 |    27 |    35 |     5 ||    90
       Ration            |       |       |     2 |     2 |     5 |     2 ||    11
Armor: Animal skin       |     2 |       |       |       |       |       ||     2
       Chain mail        |    37 |    40 |    65 |       |       |       ||   142
       Plate armour      |       |       |    86 |   357 |   629 |   116 ||  1188
       Storm dragon scal |       |       |       |       |       |    17 ||    17
Dodge: Dodged            |    58 |    31 |   147 |   355 |   571 |   100 ||  1262
